 Dungeon Crawl Stone Soup version 0.30.0-20-g3615ddf2f0 (webtiles) character file.

Game seed: 16519650030247277946

46 qw the Chopper (level 3, -1/23 HPs)
             Began as a Gargoyle Fighter on May 29, 2023.
             Shot with a sling bullet by a goblin (5 damage)
             ... led by Robin
             ... on level 2 of the Dungeon.
             The game lasted 00:00:32 (1053 turns).

qw the Chopper (Gargoyle Fighter)                   Turns: 1053, Time: 00:00:32

Health: -1/23      AC: 10    Str: 21    XL:     3   Next: 66%
Magic:  3/3        EV:  9    Int:  8    God:
Gold:   67         SH:  4    Dex:  9    Spells: 2/2 levels left

rFire   + . .        Y - +0 war axe
rCold   . . .        c - +0 buckler
rNeg    + . .        b - +0 scale mail
rPois   inf          (no helmet)
rElec   +            (no cloak)
rCorr   .            (no gloves)
SInv    .            (no boots)
Will    .....        (no amulet) Stlth
                     h - ring of protection from fire
HPRegen 0.23/turn    (no ring)
MPRegen 0.08/turn

%: no passive effects
@: no status effects
A: sickness immunity, AC +3, negative energy resistance 1, electricity
resistance, torment resistance 1, petrification resistance
a: no special abilities


You were on level 2 of the Dungeon.
You visited 1 branch of the dungeon, and saw 2 of its levels.

You collected 67 gold pieces.


Innate Abilities, Weirdness & Mutations

You are immune to sickness and miasma.
Your stone body is resilient. (AC +3)
You are immune to poison.
You resist negative energy. (rN+)
You are resistant to electric shocks. (rElec)
You are resistant to unholy torment.
You are immune to petrification.


   Skills:
 - Level 3.2 Fighting
 + Level 3.5 Axes
 - Level 3.2 Armour
 - Level 3.2 Shields


You had 2 spell levels left.
You didn't know any spells.
Your spell library was empty.

Inventory:

Hand Weapons
 g - a +0 whip
 Y - a +0 war axe (weapon)
Armour
 b - a +0 scale mail (worn)
 c - a +0 buckler (worn)
 e - a +0 helmet
Jewellery
 h - a ring of protection from fire (left hand)
Scrolls
 a - a scroll of identify
Potions
 d - a potion of might
 m - a potion of mutation {unknown}

Dungeon Overview and Level Annotations

Branches:
Dungeon (2/15)

Altars:


Message History

The kobold barely misses you.
You closely miss the goblin.
The goblin is almost dead.
You hit the kobold.
You kill the kobold!
You barely miss the goblin. x2; You hit the hobgoblin but do no damage.
The goblin misses you. The goblin barely misses you.
The hobgoblin hits you but does no damage.
The goblin shoots a sling bullet.
The sling bullet hits you. The goblin hits you with a +0 dagger.
The goblin hits you but does no damage. The goblin barely misses you.
You block the goblin's attack.
You slash the goblin!
You kill the goblin!
You slash the goblin!
You kill the goblin!
You hit the goblin.
You kill the goblin!
You barely miss the hobgoblin. You hit the goblin.
The goblin no longer looks unusually strong.
You block the hobgoblin's attack.
The goblin shoots a sling bullet.
You block the sling bullet. The goblin hits you with a +0 dagger.
The hobgoblin hits you but does no damage.
The goblin hits you but does no damage.
The goblin shoots a sling bullet.
The sling bullet hits you. The kobold closely misses you.
You barely miss the goblin.
The goblin is heavily wounded.
You barely miss the goblin. You closely miss the hobgoblin.
You miss the kobold.
The goblin hits you but does no damage. x2; The hobgoblin completely misses you.
The goblin shoots a sling bullet.
You block the sling bullet. The kobold barely misses you.
You hit the goblin but do no damage.
The goblin is heavily wounded.
You hit the hobgoblin.
You kill the hobgoblin!
You slash the kobold!
You kill the kobold!
You closely miss the goblin. The goblin hits you but does no damage.
The goblin shoots a sling bullet.
The sling bullet hits you.
You die...

....#.........~~
#.!.......#.~~
##.##.<###..~~~
##...........~~~
##............~~~
#.....%%.....~~~~
#............~~~~
#.......gg)..~~~~
#........@88~~~~~
#.....?.)))......
#.?..<............
...........88~~~~~
...........~~~~~.
.###.#..##~~~g~#
#.... ~~~~## ##.#.
~~~~.


You could see 3 goblins.

Vanquished Creatures
  Robin (D:2)
  3 endoplasms (D:1)
  2 giant cockroaches (D:1)
  10 goblins
  2 hobgoblins (D:2)
  4 jackals (D:2)
  A quokka (D:1)
  A ball python (D:2)
  2 bats (D:1)
  A frilled lizard (D:1)
  5 kobolds
  3 rats
35 creatures vanquished.

Notes
Turn   | Place    | Note
-------+----------+-------------------------------------------
     0 | D:1      | qw the Gargoyle Fighter began the quest for the Orb.
     0 | D:1      | Reached XP level 1. HP: 14/14 MP: 1/1
     0 | D:1      | 0 ||| qw: Version: 0.2-a-102-g2b76a06
     0 | D:1      | 0 ||| qw: Game counter: 395
     0 | D:1      | 0 ||| qw: Always use a shield: true
     0 | D:1      | 0 ||| qw: God list: Okawaru
     0 | D:1      | 0 ||| qw: Allow faded altars: false
     0 | D:1      | 0 ||| qw: Do Orc after D:15 true
     0 | D:1      | 0 ||| qw: Do second Lair branch before Depths: true
     0 | D:1      | 0 ||| qw: Lair rune preference: random
     0 | D:1      | 0 ||| qw: Plans: Normal, Zot:1-4, Slime:5, God:TSO, Crypt,
                  | Tomb, Pan, Hells, Abyss, Win
     0 | D:1      | 0 ||| PLANNING D:1-11
   184 | D:1      | 184 ||| Stepping ~*~*~tactically~*~*~ (hiding).
   257 | D:1      | Reached XP level 2. HP: 19/19 MP: 2/2
   276 | D:1      | Found a faded altar of an unknown god.
   303 | D:1      | 303 ||| Stepping ~*~*~tactically~*~*~ (stealth).
   475 | D:1      | 475 ||| Stepping ~*~*~tactically~*~*~ (stealth).
   880 | D:1      | 880 ||| DROPPING scarf of invisibility.
   881 | D:1      | 881 ||| UPGRADING to ring of protection from fire.
   882 | D:1      | 882 ||| READING 2 scrolls labelled QUKOUWNO FUMON.
   883 | D:1      | 883 ||| READING scroll labelled GOYLEQ KOLUC.
   884 | D:1      | 884 ||| READING scroll labelled GOLEUS JOKKOANOMUR.
   897 | D:1      | 897 ||| READING scroll labelled ATANUO GI XOU.
   898 | D:1      | 898 ||| READING scroll labelled JEDURY QAAHY.
   899 | D:1      | 899 ||| DRINKING 5 clear potions.
  1004 | D:1      | 1004 ||| DROPPING 4 potions of berserk rage.
  1031 | D:2      | Reached skill level 3 in Axes
  1038 | D:2      | Noticed Robin
  1046 | D:2      | Reached XP level 3. HP: 21/23 MP: 3/3
  1048 | D:2      | Killed Robin
  1051 | D:2      | HP: 5/23 [goblin/+0 dagger[Robin] (5)]
  1053 | D:2      | Shot with a sling bullet by a goblin

Levels and vault maps discovered:
D:1:      psy_arrival_radial02, layout_basic,
          chequers_ecumenical_altar_simple_redux, minmay_pentomino_q2
D:2:      wander_river, layout_rooms, serial_curves, eino_curves_03,
          eino_curves_03, st_stairs_6, uniq_robin

Skill      XL: |  1  2 |
---------------+-------+-----
Axes           | 2 3 |  3.5
Fighting       | |  3.2
Armour         | |  3.2
Shields        | |  3.2

Action                     || total
---------------------------++-------
  Melee: War axe           ||    92
    Use: Scroll            ||     5
         Potion            ||     1
 Armour: Scale mail        ||    57
  Dodge: Dodged            ||    62
  Block: Buckler           ||    25

Table legend:
 A = Non-vault XP
 B = Vault XP
 C = Vault XP percentage of total XP
 D = Non-vault monster count
 E = Vault monster count
 F = Vault count percentage of total count
                 A         B        C        D         E       F
            +---------+---------+-------+---------+---------+-------
      Total |      32 |      37 |  53.6 |      21 |      14 |  40.0
            +---------+---------+-------+---------+---------+-------
        D:1 |      22 |       3 |  12.0 |      15 |       2 |  11.8
        D:2 |      10 |      34 |  77.3 |       6 |      12 |  66.7
            +---------+---------+-------+---------+---------+-------
